 Dungeon Crawl Stone Soup version 0.25.1-2-g60ff931df9 (webtiles) character file.

Game seed: 4897631233794654638

1140 Delamore the Basher (level 8, -4/46 HPs)
             Began as a Gargoyle Fighter on Aug 8, 2020.
             Was a Follower of Okawaru.
             Splashed by an orc wizard's acid (12 damage)
             ... on level 6 of the Dungeon.
             The game lasted 00:04:33 (5525 turns).

Delamore the Basher (Gargoyle Fighter)              Turns: 5525, Time: 00:04:33

Health: -4/46      AC: 17    Str: 23    XL:     8   Next: 37%
Magic:  8/8        EV:  5    Int:  8    God:    Okawaru [*.....]
Gold:   266        SH:  9    Dex:  9    Spells: 7/7 levels left

rFire    . . .     SeeInvis .   q - +0 whip (elec)
rCold    . . .     Gourm    .   c - +0 kite shield
rNeg     + . .     Faith    .   G - +0 chain mail
rPois    ∞         Spirit   .   (no helmet)
rElec    +         Reflect  .   m - +0 cloak
rCorr    .         Harm     .   r - +0 pair of gloves
MR       +....                  (no boots)
Stlth    ..........             (no amulet)
HPRegen  0.15/turn              F - ring of protection from magic
MPRegen  0.11/turn              (no ring)

@: no status effects
A: negative energy resistance 1, electricity resistance, unbreathing,
petrification resistance, rot immunity, AC +5
a: Heroism, Renounce Religion


You were on level 6 of the Dungeon.
You worshipped Okawaru.
Okawaru was aware of your devotion.
You were not hungry.

You visited 2 branches of the dungeon, and saw 7 of its levels.

You collected 266 gold pieces.

Inventory:

Hand Weapons
 a - a +0 flail
 q - a +0 whip of electrocution (weapon)
Missiles
 D - 18 poisoned darts (quivered)
Armour
 b - a +0 scale mail
 c - a +0 kite shield (worn)
 m - a +0 cloak (worn)
 r - a +0 pair of gloves (worn)
 G - a +0 chain mail (worn)
Jewellery
 F - a ring of protection from magic (left hand)
Wands
 t - a wand of clouds (7)
 E - a wand of paralysis (12)
Scrolls
 h - 4 scrolls of identify {unknown}
 k - a scroll of blinking {unknown}
 l - 3 scrolls of immolation {unknown}
 n - 2 scrolls of remove curse {unknown}
 p - a scroll of noise {unknown}
 s - 3 scrolls of amnesia {unknown}
 u - 2 scrolls of fear {unknown}
 v - 4 scrolls of teleportation {unknown}
 y - a scroll of enchant armour {unknown}
 H - a scroll of enchant weapon {unknown}
Potions
 d - 2 potions of might
 e - 2 potions of curing {unknown}
 g - a potion of lignification {unknown}
 i - a potion of ambrosia {unknown}
 j - a potion of brilliance {unknown}
 o - 2 potions of invisibility {unknown}
 w - a potion of haste {unknown}
 x - a potion of degeneration {unknown}
 A - a potion of mutation {unknown}
 B - a potion of flight {unknown}
 C - a potion of cancellation {unknown}
Comestibles
 f - 6 rations
 z - 4 chunks of flesh


   Skills:
 - Level 3.2 Fighting
 + Level 9.9 Maces & Flails
 - Level 3.2 Armour
 - Level 3.2 Shields


You had 7 spell levels left.
You didn't know any spells.
Your spell library contained the following spells:

 Spells                   Type           Power        Failure   Level  Hunger
 Animate Skeleton         Necr           N/A          100%        1    ##.....
 Pain                     Necr           #...         100%        1    ##.....
 Vampiric Draining        Necr           #.........   100%        3    ####...
 Animate Dead             Necr           N/A          100%        4    #####..
 Agony                    Necr           #.......     100%        5    ######.


Dungeon Overview and Level Annotations

Branches:
Dungeon (6/15)             Temple (1/1) D:4

Altars:
Ashenzari
Cheibriados
Dithmenos
Elyvilon
Gozag
Hepliaklqana
Kikubaaqudgha
Makhleb
Okawaru
Qazlal
Ru
Sif Muna
Trog
Uskayaw
Vehumet
Wu Jian
Xom
Yredelemnul
The Shining One


Innate Abilities, Weirdness & Mutations

You are resistant to torment.
Your stone body is resilient. (AC +5)
You are immune to poison.
You resist negative energy. (rN+)
You are resistant to electric shocks. (rElec)
You can survive without breathing.
You are immune to petrification.
You are immune to rotting.


Message History

You are splashed with acid!
You block the orc's attack.
You are too injured to fight recklessly!
You are too injured to fight recklessly!
You are too injured to fight recklessly!
You are too injured to fight recklessly!
You are too injured to fight recklessly!
You are too injured to fight recklessly!
You are too injured to fight recklessly!
You are too injured to fight recklessly!
You are too injured to fight recklessly!
You are too injured to fight recklessly!
You are too injured to fight recklessly!
You are too injured to fight recklessly!
You are too injured to fight recklessly!
You are too injured to fight recklessly!
The orc wizard zaps a wand.
The bolt of acid misses the orc.
The bolt of acid hits you!
* * * LOW HITPOINT WARNING * * *
You are splashed with acid!
You die...

##.## #.# ##.#.## #.#
##.###.## ##.## ##########
#.## ##.# ##...###........#
##.###..###.....#...#####.#
##.#....###...#.#.#.##
##.#.#...........##.#
#.#...####.##.###.##
#.##### #@###.#.## #.# #'#
##.## #.# #oo.# ### ##.#
#o....# ##..# #.......#
#####...####.....o...#
...........+.........+
#####....###.........#
.....# ##....>..##


You could see an orc wizard and 3 orcs.

Vanquished Creatures
  An ice beast (D:5)
  3 ogres
  A centaur (D:5)
  A howler monkey (D:5)
  A hound (D:3)
  Crazy Yiuf (D:3)
  2 orc priests
  A jelly (D:5)
  4 orc wizards
  Jessica (D:2)
  3 worker ants (D:4)
  A howler monkey zombie (D:6)
  6 adders
  10 gnolls
  3 oozes
  2 adder skeletons (D:4)
  4 worms
  2 dart slugs (D:1)
  6 leopard geckos
  18 orcs
  3 ball pythons
  12 bats
  3 giant cockroaches
  6 goblins
  11 hobgoblins
  7 jackals (D:5)
  2 quokkas
  3 frilled lizards
  12 kobolds
  4 rats
134 creatures vanquished.

Notes
Turn   | Place    | Note
-------+----------+-------------------------------------------
     0 | D:1      | Delamore the Gargoyle Fighter began the quest for the Orb.
     0 | D:1      | Reached XP level 1. HP: 14/14 MP: 1/1
   120 | D:1      | Reached XP level 2. HP: 19/19 MP: 2/2
   141 | D:1      | Reached skill level 3 in Maces & Flails
   803 | D:1      | Reached XP level 3. HP: 23/23 MP: 3/3
  1128 | D:2      | Reached skill level 4 in Maces & Flails
  1264 | D:2      | Reached XP level 4. HP: 28/28 MP: 4/4
  1265 | D:2      | Found a faded altar of an unknown god.
  1271 | D:2      | Found an opulent altar of Gozag.
  1486 | D:2      | Found a burning altar of Makhleb.
  1486 | D:2      | Noticed Jessica
  1499 | D:2      | Killed Jessica
  1528 | D:2      | Reached skill level 5 in Maces & Flails
  1528 | D:2      | Reached XP level 5. HP: 16/32 MP: 5/5
  2321 | D:3      | Found a runed translucent door.
  2322 | D:3      | Noticed Crazy Yiuf
  2756 | D:3      | Killed Crazy Yiuf
  2756 | D:3      | Reached skill level 6 in Maces & Flails
  2756 | D:3      | Reached XP level 6. HP: 37/37 MP: 6/6
  3269 | D:4      | Reached skill level 7 in Maces & Flails
  3478 | D:3      | Reached XP level 7. HP: 14/41 MP: 7/7
  3745 | D:4      | Found a staircase to the Ecumenical Temple.
  3760 | Temple   | Entered the Ecumenical Temple
  3947 | Temple   | Became a worshipper of Warmaster Okawaru
  4184 | D:4      | Reached skill level 8 in Maces & Flails
  4284 | D:5      | Entered Level 5 of the Dungeon
  4607 | D:5      | Reached * piety under Okawaru
  4908 | D:5      | Reached skill level 9 in Maces & Flails
  4908 | D:5      | Reached XP level 8. HP: 42/46 MP: 8/8
  5525 | D:6      | Splashed by an orc wizard's acid

Illustrated notes

Levels and vault maps discovered:
D:1:      dpeg_arrival_rhombi, layout_loops_cross, minmay_tetromino_t4
D:2:      layout_basic, overflow_temple_1_default, first_ration,
          chequers_ecumenical_altar_simple_redux, nicolae_gozag_seed_capital,
          uniq_jessica
D:3:      layout_basic, palyth_stone_intersect, uniq_crazy_yiuf_cottage
D:4:      layout_gridville, minmay_temple_entry_slanted
D:5:      layout_basic, chequers_serial_rivers_micro_a
D:6:      layout_loops_corners
Temple:   roderic_octagonal_lattice_temple

Skill      XL: |  1  2  3  4  5  6  7 |
---------------+----------------------+-----
Maces & Flails | 3 4 5 6 7 9 |  9.9
Fighting       | |  3.2
Armour         | |  3.2
Shields        | |  3.2

Action                   |  1- 3 |  4- 6 |  7- 9 || total
-------------------------+-------+-------+-------++-------
Melee: Flail             |   100 |       |       ||   100
       Whip              |    21 |   259 |   175 ||   455
  Eat: Chunk             |     1 |     8 |     6 ||    15
Armor: Scale mail        |    65 |   117 |    43 ||   225
       Chain mail        |       |       |     2 ||     2
Dodge: Dodged            |    52 |    66 |    39 ||   157
Block: Kite shield       |    77 |   128 |    61 ||   266
